 Dungeon Crawl Stone Soup version 0.28.0 (webtiles) character file.

Game seed: 14016894542542695556

4 GrayStillPlays the Skirmisher (level 1, -4/18 HPs)
             Began as a Demonspawn Fighter on Feb 13, 2022.
             Slain by Jessica (6 damage)
             ... on level 2 of the Dungeon.
             The game lasted 00:00:28 (237 turns).

GrayStillPlays the Skirmisher (Demonspawn Fighter)   Turns: 237, Time: 00:00:28

Health: -4/18      AC:  6    Str: 16    XL:     1   Next: 50%
Magic:  1/1        EV:  8    Int:  9    God:
Gold:   8          SH:  4    Dex: 12    Spells: 0/0 levels left

rFire   . . .      SeeInvis .   a - +0 war axe {axe}
rCold   . . .      Faith    .   c - +0 buckler
rNeg    . . .      Spirit   .   b - +0 scale mail
rPois   .          Reflect  .   (no helmet)
rElec   .          Harm     .   (no cloak)
rCorr   .          Rampage  .   (no gloves)
Will    .....                   (no boots)
Stlth   ..........              (no amulet)
HPRegen 0.06/turn               (no ring)
MPRegen 0.07/turn               (no ring)

@: no status effects
A: no striking features
a: no special abilities


You were on level 2 of the Dungeon.
You visited 1 branch of the dungeon, and saw 2 of its levels.

You collected 8 gold pieces.


   Skills:
 + Level 3.0 Fighting
 + Level 1.9 Axes
 + Level 2.7 Armour
 + Level 2.7 Shields


You couldn't memorise any spells.
You didn't know any spells.
Your spell library was empty.

Inventory:

Hand Weapons
 a - a +0 war axe (weapon) {axe}
Missiles
 e - 24 stones (quivered) {throwing}
Armour
 b - a +0 scale mail (worn)
 c - a +0 buckler (worn)
Scrolls
 f - a scroll of fog {unknown}
 g - a scroll of teleportation {unknown}
Potions
 d - a potion of might

Dungeon Overview and Level Annotations

Branches:
Dungeon (1/15)

Altars:

Annotations:
D:2 Jessica

#.# ##.## #.# #.# #.## #.#
#..# ##'## ##.# ##...##
#.## ##.....## # #..##
##.......## ##.#
####...####.........##.....
#.........'@@..............
#.##...#.##...........r....
#. #..##.###.......#.#.#..#
#.##.###.# ##.....##.#
#....# #.# ##...## .#
#..#####r# ##'## ..
#........# #.# ##
##.......# #.# ##.#####.#
##.##


You could see Jessica (fast).


Message History

No target in view!
A sourceless malevolence fills the Dungeon...
You fall into a shaft and drop 1 floor!
The shaft crumbles and collapses.
No target in view!
You open the door.
A giant cockroach comes into view.
There is an open door here.
A giant cockroach is nearby!
A giant cockroach is nearby!
The giant cockroach bites you but does no damage.
A giant cockroach is nearby!
You barely miss the giant cockroach. The giant cockroach closely misses you.
The giant cockroach bites you but does no damage.
A giant cockroach is nearby!
You slash the giant cockroach!
You kill the giant cockroach!
g - a scroll labelled JEDODI ASAGUNU No target in view!
A rat comes into view.
The rat moves out of view.
No target in view!
A rat is nearby!
A rat is nearby!
A rat is nearby!
You slash the rat!
You kill the rat!
A hobgoblin comes into view.
The hobgoblin shouts!
A hobgoblin is nearby!
The hobgoblin closely misses you.
A hobgoblin is nearby!
You hit the hobgoblin. The hobgoblin barely misses you. The hobgoblin hits you.
A hobgoblin is nearby! 😕 HP[-1]
You take 1 damage, and now have 17/18 hp.
You closely miss the hobgoblin. The hobgoblin barely misses you.
You completely miss the hobgoblin.
The hobgoblin hits you but does no damage.
The hobgoblin closely misses you.
A hobgoblin is nearby!
You closely miss the hobgoblin. The hobgoblin hits you.
A hobgoblin is nearby!
A hobgoblin is nearby!
You hit the hobgoblin.
The hobgoblin hits you but does no damage.
A hobgoblin is nearby!
You slash the hobgoblin!
You kill the hobgoblin!
Key pressed, stopping explore.
No target in view! 😕 HP[-2]
You take 2 damage, and now have 15/18 hp.
Key pressed, stopping explore.
No target in view! 😕 HP[+1] Key pressed, stopping explore.
No target in view!
You now have 8 gold pieces.
Key pressed, stopping explore.
Key pressed, stopping explore.
No target in view! 😎 HP[+2]
Your hp is fully restored (18).
You open the door.
Key pressed, stopping explore.
Jessica the Apprentice Sorceress comes into view.
She is wielding a +4 club and wearing a +1 robe of positive energy.
Jessica shouts!
There is an open door here.
Jessica gestures at you while chanting.
You barely resist.
A jelly and a rat come into view.
The jelly quivers.
Jessica points at you and mumbles some strange words.
Pain shoots through your body!
Jessica hits you but does no damage. 😮 HP[-8]
You take 8 damage, and now have 10/18 hp.
MASSIVE DAMAGE!! (PAUSE) Jessica points at you and mumbles some strange words.
You resist with significant effort.
There is an open door here. 😮 HP[+1] Jessica mumbles some strange words.
Jessica blinks!
Jessica casts a spell at you. Pain shoots through your body!
Ouch! That really hurt!
* * * LOW HITPOINT WARNING * * *
😱 HP[-10]
You take 10 damage, and now have 1/18 hp.
MASSIVE DAMAGE!! (PAUSE) Jessica gestures wildly while chanting.
Jessica seems to speed up. 😱 HP[+1] As you open the door, it creaks loudly!
There is an open door here.
Jessica hits you but does no damage. Jessica hits you with a +4 club.
You die...

Action                   || total
-------------------------++-------
Melee: War axe           ||    10
Armor: Scale mail        ||     6
Dodge: Dodged            ||     6

Levels and vault maps discovered:
D:1:      dpeg_arrival_simpleton_a, layout_basic
D:2:      layout_loops_corners, basic_ecumenical_altar, basic_altar,
          uniq_jessica

Notes
Turn   | Place    | Note
-------+----------+-------------------------------------------
     0 | D:1      | GrayStillPlays the Demonspawn Fighter began the quest for
                  | the Orb.
     0 | D:1      | Reached XP level 1. HP: 18/18 MP: 1/1
     0 | D:1      | magus.rc [v1.9.6]
    62 | D:1      | You fall into a shaft and drop 1 floor!
   202 | D:2      | Noticed Jessica
   205 | D:2      | Noticed a jelly
   226 | D:2      | HP: 1/18 [Jessica/nerve-wracking pain (10)]
   237 | D:2      | Slain by Jessica

Vanquished Creatures
  A giant cockroach (D:2)
  A hobgoblin (D:2)
  A bat (D:1)
  A rat (D:2)
4 creatures vanquished.

Table legend:
 A = Non-vault XP
 B = Vault XP
 C = Vault XP percentage of total XP
 D = Non-vault monster count
 E = Vault monster count
 F = Vault count percentage of total count
                 A         B        C        D         E       F
            +---------+---------+-------+---------+---------+-------
      Total |       6 |       0 |   0.0 |       4 |       0 |   0.0
            +---------+---------+-------+---------+---------+-------
        D:1 |       1 |       0 |   0.0 |       1 |       0 |   0.0
        D:2 |       5 |       0 |   0.0 |       3 |       0 |   0.0
            +---------+---------+-------+---------+---------+-------

Illustrated notes

Table legend:
 A = Kills in this place as a percentage of kills in entire the game.
 B = Kills by you in this place as a percentage of kills by you in the entire game.
 C = Kills by friends in this place as a percentage of kills by friends in the entire game.
 D = Other kills in this place as a percentage of other kills in the entire game.
 E = Experience gained in this place as a percentage of experience gained in the entire game.
 F = Experience gained in this place divided by the number of levels of this place that you have seen.
                   A       B       C       D       E      F
               +-------+-------+-------+-------+-------+----------------------
         Total | 100.0 | 100.0 |   N/A |   N/A | 100.0 |   3.0
       Dungeon | 100.0 | 100.0 |   N/A |   N/A | 100.0 |   3.0
               +-------+-------+-------+-------+-------+----------------------

Table legend: (Time is in decaauts)
 A = Elapsed time spent in this place.
 B = Non-inter-level travel time spent in this place.
 C = Inter-level travel time spent in this place.
 D = Time resting spent in this place.
 E = Time spent auto-exploring this place.
 F = Levels seen in this place.
 G = Mean time per level.
                   A        B        C        D        E       F      G
               +--------+--------+--------+--------+--------+-----+--------+
         Total |    241 |    241 |      0 |      0 |    174 |   2 |  120.5 |
       Dungeon |    241 |    241 |      0 |      0 |    174 |   2 |  120.5 |
               +--------+--------+--------+--------+--------+-----+--------+

Top non-repeatable levels by time:
     D:2: 179 daAuts
     D:1: 62 daAuts
